cohdb
Replays
Latest Replays
All Replays
Popular Replays
Top Player Replays
Match Explorer
How It Works
Community
CoH3 Stats
Reddit
Sign in to upload your games and track your stats! →
Sign in with Steam
Match 41405211
Unlisted
Match 41405211
Overview
Messages
Build Orders
End
Kradschützen Motorcycle Team
Panzergrenadier Squad
Panzergrenadier Squad
Panzergrenadier Squad
Construct Light Support Kompanie
2.5-tonne Medical Truck
Fire Support Elements
Flakvierling Half-track
Selects Panzerjäger Kommand Battlegroup
Selects Tank Busters
Selects Mine Fields
Vehicle Survival Package
Panzerjäger Mechanized Group
Panzerpioneer Squad
Construct Panzerarmee Kommand
Tungsten Core Ammunition
Emergency Repair Kits
Selects Crew Shock Tactics
Selects Defensive Positions
Pak 38 Mechanized Group
Panzer III L Medium Tank
Selects Butterfly Bomb Drop
Panzer III L Medium Tank
Pak 38 Mechanized Group
Panzerjäger Squad
MG34 Team
Selects Elefant Tank Destroyer
Elefant Tank Destroyer
Panzerjäger Squad
Panzer III L Medium Tank
2.5-tonne Medical Truck
Rapid Advance
Advanced Optics
Panzer III L Medium Tank
Construct Mechanized Kompanie
18-tonne Recovery Half-track
Pak 38 Mechanized Group
Panzer III L Medium Tank
Armored Reserves
Butterfly Bomb Drop
Samson (MykillJackson)
DanteOne
DaMayzr
EisregenKubus0
[§FR§][LLE] Capitaine Sicarius
yxwyat
Agent-S
Tharrats
0
0
Comments
sign in to comment!
No comments posted yet!